[Event "Baltic Zonal 2018"]
[Site "Tallinn"]
[Date "2018.05.16"]
[Round "4"]
[White "Chukavin, Kirill"]
[Black "Vicas, Marijus"]
[Result "1/2-1/2"]
[ECO "C88"]
[WhiteElo "2310"]
[BlackElo "2190"]
[Annotator "NA"]
[PlyCount "164"]
[EventDate "2018.??.??"]
[EventType "swiss"]
[EventCountry "EST"]
[SourceTitle "playchess.com"]
[Source "ChessBase"]
[SourceQuality "1"]
[TimeControl "5400+30"]

1. e4 e5 2. Nf3 Nc6 3. Bb5 a6 4. Ba4 Nf6 5. O-O Be7 6. Re1 b5 7. Bb3 O-O 8. a4 Bb7 9. d3 d6 10. c3 Re8 11. Ng5 Rf8 12. Nf3 Re8 13. Nbd2 {[%emt 0:00:22] C88: Closed Ruy Lopez: Anti-Marshall Systems} Bf8 14. Nf1 (14. Ba2 Qd7 15. Nf1 h6 16. Nh4 Ne7 17. h3 d5 18. Qf3 Kh7 19. Ng3 c5 20. exd5 Bxd5 21. Bxd5 Qxd5 22. axb5 axb5 23. Rxa8 Rxa8 24. Rxe5 Qxf3 25. Nxf3 {1-0 (59) Topalov,V (2801)-Ivanchuk,V (2729) Monte Carlo 2006}) 14... h6 15. Nh4 d5 16. axb5 axb5 17. Rxa8 Bxa8 18. exd5 $146 ({Predecessor:} 18. Qf3 b4 19. Nf5 Na5 20. Ba2 b3 21. Bb1 Re6 {1-0 (69) Sjugirov,S (2407)-Zherebukh,Y (2418) Sibenik 2007}) 18... Na5 19. Bc2 Nxd5 20. Nf5 Nf4 21. Bxf4 exf4 22. Rxe8 Qxe8 23. Qg4 g6 24. b4 Nc6 25. d4 Qe6 26. h3 Qf6 27. Be4 Bb7 28. Nh4 h5 29. Qf3 Nxd4 30. cxd4 Bxe4 31. Qxe4 Qxh4 32. Nd2 Bxb4 33. Qe8+ Kg7 34. Nf3 Qe7 35. Qxb5 Bd6 36. Qd3 Qe6 37. d5 Qf6 38. Qe4 Qa1+ 39. Kh2 Qb2 40. Kg1 Bc5 41. Qe5+ Qxe5 42. Nxe5 f6 43. Nd3 Bd6 44. Kf1 Kf7 45. Ke2 g5 46. Nb2 (46. f3 $15) 46... Bc5 47. f3 f5 48. Nc4 $2 (48. Kd3 $11 {and White has nothing to worry.}) 48... Kf6 49. Kd3 g4 50. Ke2 Kg5 51. Kf1 Kh4 52. hxg4 fxg4 53. Nd2 gxf3 54. gxf3 (54. Nxf3+ $142 Kg4 55. Ke2) 54... Be3 55. Ne4 Kh3 56. d6 cxd6 57. Nxd6 Kg3 58. Ke2 (58. Nf5+ $19 Kxf3 59. Nh4+ Kg3 60. Ng2) 58... Bc5 $2 (58... Kg2 {mates} 59. Nf5 Bf2 60. Nd6 h4 61. Ne4 Bb6 62. Nf6 h3 63. Ng4 Bd4 64. Kd3 Kxf3 65. Nh2+ Kg2 66. Ng4 Kg3 67. Nh6 Bh8 68. Nf5+ Kf3 69. Kc4 h2 70. Nh4+ Ke4 71. Ng2 f3 72. Nh4 f2 73. Kb4 f1=Q 74. Ng2 Qf8+ 75. Kb5 h1=Q 76. Kb6 Qb1+ 77. Kc7 Qe7+ 78. Kc8 Qbb7#) 59. Nf5+ Kg2 60. Nh4+ Kg1 61. Ng6 Bd6 62. Ke1 Kg2 63. Ke2 Kg3 64. Kf1 Bc5 65. Nxf4 h4 66. Nh5+ Kxf3 {[%emt 0:00:28] [#]} 67. Nf4 $1 Kg3 (67... Kxf4 $2 68. Kg2 $19) 68. Nh5+ Kf3 69. Nf4 Be3 70. Nh3 Kg3 {[%emt 0:00:13] [#]} 71. Nf4 $1 Ba7 (71... Kxf4 $2 72. Kg2 $19) (71... Bxf4 $5 72. Kg1 $8 Kg4 $19) 72. Nh5+ Kh2 $2 (72... Kg4 $19 73. Kg2 Bd4 74. Nf6+ Bxf6) 73. Nf4 Bb8 74. Nh3 Ba7 $2 (74... Kxh3 $19 75. Kg1 Bh2+ 76. Kh1 Kg4) 75. Nf4 Kg3 76. Nh5+ Kf3 {[%emt 0:00:38] [#]} 77. Nf4 $1 Bf2 78. Ng2 h3 79. Nh4+ Ke3 80. Nf5+ $11 Kf3 81. Nh4+ Kg3 82. Nf5+ Kf3 1/2-1/2

[Event "Baltic Zonal 2018"]
[Site "Tallinn"]
[Date "2018.05.16"]
[Round "4"]
[White "Vorobjov, Pavel"]
[Black "Beinoras, Mindaugas"]
[Result "1/2-1/2"]
[ECO "D27"]
[WhiteElo "2233"]
[BlackElo "2350"]
[Annotator "NA"]
[PlyCount "29"]
[EventDate "2018.??.??"]
[EventType "swiss"]
[EventCountry "EST"]
[SourceTitle "playchess.com"]
[Source "ChessBase"]
[SourceQuality "1"]
[TimeControl "5400+30"]

1. d4 d5 2. c4 dxc4 3. e3 e6 4. Bxc4 Nf6 5. Nf3 c5 6. O-O a6 7. a4 Nc6 8. Nc3 Be7 9. Qe2 cxd4 10. Rd1 O-O 11. exd4 Nb4 12. Bg5 Nfd5 13. Nxd5 Nxd5 14. Bxe7 Nxe7 15. Ne5 1/2-1/2

[Event "Baltic Zonal 2018"]
[Site "Tallinn"]
[Date "2018.05.16"]
[Round "4"]
[White "Berzina, Ilze"]
[Black "Kalvaitis, Sigitas"]
[Result "1/2-1/2"]
[ECO "B41"]
[WhiteElo "2176"]
[BlackElo "2194"]
[Annotator "NA"]
[PlyCount "20"]
[EventDate "2018.??.??"]
[EventType "swiss"]
[EventCountry "EST"]
[SourceTitle "playchess.com"]
[Source "ChessBase"]
[SourceQuality "1"]
[TimeControl "5400+30"]

1. e4 c5 2. Nf3 e6 3. d4 cxd4 4. Nxd4 a6 5. c4 Nf6 6. Nc3 Qc7 7. Be2 Bb4 8. Qd3 Nc6 9. Nxc6 dxc6 10. O-O e5 1/2-1/2

[Event "Baltic Zonal 2018"]
[Site "Tallinn"]
[Date "2018.05.17"]
[Round "5"]
[White "Narva, Mai"]
[Black "Chukavin, Kirill"]
[Result "1-0"]
[ECO "B40"]
[WhiteElo "2322"]
[BlackElo "2310"]
[Annotator "NA"]
[PlyCount "89"]
[EventDate "2018.??.??"]
[EventType "swiss"]
[EventCountry "EST"]
[SourceTitle "playchess.com"]
[Source "ChessBase"]
[SourceQuality "1"]
[TimeControl "5400+30"]

1. e4 c5 2. Nf3 e6 3. c3 d5 4. e5 d4 5. Bd3 Nc6 6. O-O Nge7 7. Re1 Ng6 8. g3 Qc7 9. Qe2 {[%emt 0:00:50] LiveBook: 6 Games} b6 10. Na3 Bb7 11. h4 Be7 (11... Qd7 $11) 12. Be4 O-O-O 13. d3 h6 (13... a6 $14) 14. Bd2 ({Better is} 14. Nb5 $16 Qd7 15. cxd4) 14... Kb8 15. Rac1 Qd7 ({Don't blunder} 15... Ngxe5 $2 16. Nxe5 Nxe5 17. Bxb7 $18) 16. Nc2 Nf8 17. cxd4 cxd4 18. b4 a6 19. a4 b5 (19... Na7 $142 20. Ncxd4 g5 21. hxg5 hxg5 22. Bxg5 Bxg5) 20. axb5 axb5 21. Na3 (21. Ra1 $142) 21... Na7 ({Don't go for} 21... Nxb4 $2 22. Bxb7 Qxb7 23. Rb1 $18) 22. Bxb7 Qxb7 {[%emt 0:01:10] [#]} 23. Qe4 (23. Nc2 $1 $18) 23... Rd5 (23... Qd5 $16 24. Kg2 Ng6 25. Qxd5 Rxd5) 24. Nc2 ({Don't do} 24. Nxd4 $6 Nd7 $16) 24... Nd7 25. Ncxd4 Rd8 26. Rc2 Nb6 27. Rec1 R5d7 28. Qg4 Bf8 $18 (28... g5 $16 29. hxg5 hxg5) 29. h5 Rc8 30. Rxc8+ Nbxc8 31. Be3 Nb6 32. Nb3 Rxd3 33. Na5 Qd5 34. Qf4 Rd1+ 35. Rxd1 Qxd1+ 36. Kg2 Nd7 37. Nd4 Bxb4 38. Nac6+ Nxc6 39. Nxc6+ Kc8 40. Nxb4 Qxh5 41. Bd4 Qf5 42. Qc1+ Kd8 43. Qc6 f6 44. Qb7 Ke8 45. Qc8+ 1-0

[Event "Baltic Zonal 2018"]
[Site "Tallinn"]
[Date "2018.05.17"]
[Round "5"]
[White "Vicas, Marijus"]
[Black "Berzina, Ilze"]
[Result "0-1"]
[ECO "B12"]
[WhiteElo "2190"]
[BlackElo "2176"]
[Annotator "NA"]
[PlyCount "72"]
[EventDate "2018.??.??"]
[EventType "swiss"]
[EventCountry "EST"]
[SourceTitle "playchess.com"]
[Source "ChessBase"]
[SourceQuality "1"]
[TimeControl "5400+30"]

1. e4 c6 2. d4 d5 3. e5 c5 4. dxc5 Nc6 5. a3 {B12: Caro-Kann: Advance Variation} Nxe5 6. Bb5+ (6. b4 Nf6 7. Bb2 Nc6 8. Nf3 g6 9. Nc3 d4 10. Nb5 e5 11. Qe2 Bg4 12. O-O-O Bh6+ {1-0 (48) Nepomniachtchi,I (2751)-Navara,D (2737) Saint Louis 2017}) 6... Nc6 7. b4 Nf6 8. Bb2 Bg4 9. Nf3 e6 10. O-O Be7 11. c4 O-O 12. Qb3 $146 ({Predecessor:} 12. Nbd2 Ne4 13. Nxe4 dxe4 14. Qxd8 Rfxd8 15. Bxc6 bxc6 {0-1 (57) Mamontova,A (2058)-Belenkaya,D (2294) St Petersburg 2018}) 12... Qc7 13. cxd5 Nxd5 14. Bxc6 bxc6 15. Ne5 Bf5 16. Nd2 a5 17. Ndc4 axb4 18. axb4 Rab8 19. Ra4 {[#]} Bxc5 $1 20. Qg3 Rxb4 21. Ra6 $2 (21. Rxb4 $17 {was necessary.} Bxb4 {[#]} 22. Nxc6 $1 Qxg3 23. hxg3) 21... f6 22. Rxc6 Qe7 23. Nd3 Rb3 ({Don't take} 23... Rxc4 24. Nxc5 Rxc5 25. Rxc5 $19) 24. Nxc5 Rxg3 25. hxg3 Nb4 26. Nxe6 Nxc6 27. Nxf8 Qxf8 28. Ba3 Qd8 29. Nd6 Bd7 30. Rd1 h5 31. Ne4 Qa5 $19 32. Bc1 Bf5 33. Nd6 Bc2 34. Rd2 Ne5 35. f3 Bd3 36. Kh2 Qc5 0-1

[Event "Baltic Zonal 2018"]
[Site "Tallinn"]
[Date "2018.05.18"]
[Round "7"]
[White "Beinoras, Mindaugas"]
[Black "Narva, Mai"]
[Result "1/2-1/2"]
[ECO "A29"]
[WhiteElo "2350"]
[BlackElo "2322"]
[Annotator "NA"]
[PlyCount "118"]
[EventDate "2018.??.??"]
[EventType "swiss"]
[EventCountry "EST"]
[SourceTitle "playchess.com"]
[Source "ChessBase"]
[SourceQuality "1"]
[TimeControl "5400+30"]

1. c4 e5 2. Nc3 Nf6 3. Nf3 Nc6 4. g3 Bb4 5. Bg2 O-O 6. O-O Re8 7. d3 h6 8. e4 a5 {[%emt 0:11:04] A29: Englische Eröffnung (Vierspringer-Variante)} (8... d6 9. h3 a6 10. Be3 Bd7 11. Rc1 Rb8 12. a3 Bc5 13. d4 exd4 14. Nxd4 Ne5 15. Qe2 b5 16. cxb5 axb5 {1-0 (32) Petrosian,T (2649)-Mareco,S (2557) Albena 2013}) 9. h3 Bf8 $146 ({Vorgänger:} 9... Bxc3 10. bxc3 d6 11. Rb1 Nd7 12. Nh4 Nc5 13. Be3 a4 {0-1 (45) Doering,T (2197)-Hernandez Leon,A (2304) Tenerife 2015}) 10. Be3 d6 11. d4 exd4 12. Nxd4 Ne5 13. b3 c6 14. Qc2 Ned7 15. Rad1 Qc7 16. Nf5 Nb8 17. Bf4 Bxf5 18. exf5 Nbd7 19. Rd2 Nh5 20. Bxd6 Bxd6 21. Rfd1 Bc5 22. Rxd7 Qxg3 23. Ne4 Qe5 24. Qc3 Qxf5 25. Qf3 Qxf3 26. Bxf3 Re5 27. Nxc5 Rxc5 28. Rxb7 Nf4 29. Kh2 Ne6 30. h4 $16 Rf5 31. Kg3 Rf6 32. Rd2 Rg6+ 33. Kh3 Rf6 34. Bh1 a4 35. b4 a3 36. Rb6 Nd8 37. Be4 Re6 38. Bf3 Kf8 39. Rd7 Rf6 40. Kg2 Rc8 41. Ra7 Rf4 42. c5 Rxh4 43. Rxa3 g5 44. Rd3 Ne6 45. Rd7 Nf4+ 46. Kg1 g4 47. Bxc6 Re8 48. Rd1 Re2 49. Rf1 Rh5 50. Rb8+ Kg7 51. Re8 Rxa2 52. Re4 Ne2+ 53. Kg2 f5 54. Re7+ Kf6 55. Rf7+ Kg6 56. Be8 Nf4+ 57. Kg1 Ne2+ 58. Kg2 Nf4+ 59. Kg1 Ne2+ 1/2-1/2

[Event "Baltic Zonal 2018"]
[Site "Tallinn"]
[Date "2018.05.18"]
[Round "7"]
[White "Chukavin, Kirill"]
[Black "Kalvaitis, Sigitas"]
[Result "1-0"]
[ECO "C18"]
[WhiteElo "2310"]
[BlackElo "2194"]
[Annotator "NA"]
[PlyCount "65"]
[EventDate "2018.??.??"]
[EventType "swiss"]
[EventCountry "EST"]
[SourceTitle "playchess.com"]
[Source "ChessBase"]
[SourceQuality "1"]
[TimeControl "5400+30"]

1. e4 e6 2. d4 d5 3. Nc3 Bb4 4. e5 Ne7 5. a3 Bxc3+ 6. bxc3 c5 7. Qg4 Qc7 8. Qxg7 Rg8 9. Qxh7 cxd4 10. Ne2 Nbc6 11. f4 Bd7 12. Qd3 dxc3 13. Qxc3 Nf5 14. Rb1 O-O-O 15. Rg1 d4 16. Qd3 Be8 17. g4 Nh4 18. Rg3 f6 19. exf6 Bg6 20. Qc4 Bf7 21. g5 Rge8 22. Bh3 Nf5 23. g6 Bxg6 24. Rxg6 Qh7 25. Bxf5 exf5 26. Rg7 Qh4+ 27. Kd1 d3 28. cxd3 Qh3 29. Re7 Qf1+ 30. Kd2 Rxd3+ 31. Qxd3 Rd8 32. Re8 Rxe8 33. f7 1-0

[Event "Baltic Zonal 2018"]
[Site "Tallinn"]
[Date "2018.05.18"]
[Round "7"]
[White "Vorobjov, Pavel"]
[Black "Berzina, Ilze"]
[Result "1/2-1/2"]
[ECO "D10"]
[WhiteElo "2233"]
[BlackElo "2176"]
[Annotator "NA"]
[PlyCount "118"]
[EventDate "2018.??.??"]
[EventType "swiss"]
[EventCountry "EST"]
[SourceTitle "playchess.com"]
[Source "ChessBase"]
[SourceQuality "1"]
[TimeControl "5400+30"]

1. d4 d5 2. c4 c6 3. Nc3 dxc4 4. a4 e5 5. e3 exd4 6. exd4 Be6 7. Nf3 Bb4 8. Be2 Nf6 9. O-O O-O 10. Bg5 Nbd7 11. Qc2 Be7 12. Nd2 h6 13. Be3 Nb6 14. a5 Nbd5 15. Nxc4 Nxe3 16. fxe3 Qc7 17. Ne4 Nd5 18. Nc5 Bxc5 19. dxc5 Qe7 20. a6 bxa6 21. Ra5 Rab8 22. Qe4 Rb3 23. Qe5 Rd8 24. e4 Ne3 25. Nxe3 Rxe3 26. Bxa6 Qh4 27. Qf4 Qxf4 28. Rxf4 Rd2 29. b4 Rb3 30. Bf1 Rxb4 31. Rxa7 g5 32. Rf2 Rd1 33. Rc7 Rxe4 34. Rxc6 Rc1 35. h3 Ree1 36. Rd6 Rxc5 37. Kh2 h5 38. Bd3 Rcc1 39. Kg3 h4+ 40. Kf3 Rc3 41. Rc2 Rxc2 42. Bxc2 Kg7 43. Kf2 Rc1 44. Be4 Kf6 45. Bf3 Ke5 46. Rd2 f5 47. Re2+ Kf6 48. Re1 Rxe1 49. Kxe1 Ke5 50. Kf2 Kf4 51. Bc6 Bc4 52. Bb7 Bd3 53. Bc6 Be4 54. Bd7 g4 55. hxg4 fxg4 56. Be6 Bf5 57. Bd5 g3+ 58. Kg1 Be4 59. Be6 Bd3 1/2-1/2

[Event "Baltic Zonal 2018"]
[Site "Tallinn"]
[Date "2018.05.18"]
[Round "7"]
[White "Haavamae, Henrik"]
[Black "Vicas, Marijus"]
[Result "0-1"]
[ECO "B28"]
[WhiteElo "2098"]
[BlackElo "2190"]
[Annotator "NA"]
[PlyCount "50"]
[EventDate "2018.??.??"]
[EventType "swiss"]
[EventCountry "EST"]
[SourceTitle "playchess.com"]
[Source "ChessBase"]
[SourceQuality "1"]
[TimeControl "5400+30"]

1. e4 c5 2. Nf3 a6 3. c4 e6 4. d4 cxd4 5. Nxd4 Nf6 6. Nc3 Qc7 7. Bd3 Be7 8. O-O O-O 9. Be3 d6 10. f4 Nbd7 11. Qf3 b6 12. Rae1 Bb7 13. g4 g6 14. g5 Nh5 15. Qh3 Nc5 16. Bc2 e5 17. Nf5 Nxf4 18. Bxf4 exf4 19. Qh6 Ne6 20. h4 Rfe8 21. Nxe7+ Rxe7 22. Nd5 Bxd5 23. exd5 Nd4 24. Be4 Rae8 25. Rxf4 Nf5 0-1

[Event "Baltic Zonal 2018"]
[Site "Tallinn"]
[Date "2018.05.19"]
[Round "8"]
[White "Narva, Mai"]
[Black "Vorobjov, Pavel"]
[Result "1/2-1/2"]
[ECO "B30"]
[WhiteElo "2322"]
[BlackElo "2233"]
[Annotator "NA"]
[PlyCount "96"]
[EventDate "2018.??.??"]
[EventType "swiss"]
[EventCountry "EST"]
[SourceTitle "playchess.com"]
[Source "ChessBase"]
[SourceQuality "1"]
[TimeControl "5400+30"]

1. e4 c5 2. Nf3 Nc6 3. Bb5 e6 4. O-O Nge7 5. Re1 a6 6. Bf1 d5 7. exd5 Nxd5 8. d4 Nf6 9. Be3 cxd4 10. Nxd4 Nxd4 11. Bxd4 Be7 12. c4 O-O 13. Nc3 Bd7 14. Qc2 Ba4 15. Qd3 Bc6 16. Rad1 Qc7 17. Be5 Qa5 18. Qg3 Rfd8 19. Bd3 Rd7 20. a3 Qd8 21. Bc2 Qf8 22. b4 Rxd1 23. Rxd1 Rd8 24. Re1 Bd6 25. f4 Bxe5 26. fxe5 Rd2 27. Re2 Rxe2 28. Nxe2 Nd7 29. Nd4 Qb8 30. Nxc6 bxc6 31. Bxh7+ Kxh7 32. Qd3+ Kg8 33. Qxd7 Qxe5 34. Qe8+ Kh7 35. Qxf7 Qd4+ 36. Qf2 Qxc4 37. Qe3 Qd5 38. Kf2 e5 39. Qh3+ Kg6 40. Qg4+ Kh6 41. Qe2 a5 42. Qe3+ Kh7 43. bxa5 Qxa5 44. Qe4+ g6 45. Qxc6 Qd2+ 46. Kf3 Qd3+ 47. Kf2 Qd2+ 48. Kf3 Qd3+ {[%emt 0:00:02] Ke4} 1/2-1/2

[Event "Baltic Zonal 2018"]
[Site "Tallinn"]
[Date "2018.05.19"]
[Round "8"]
[White "Kalvaitis, Sigitas"]
[Black "Haavamae, Henrik"]
[Result "1/2-1/2"]
[ECO "B10"]
[WhiteElo "2194"]
[BlackElo "2098"]
[Annotator "NA"]
[PlyCount "22"]
[EventDate "2018.??.??"]
[EventType "swiss"]
[EventCountry "EST"]
[SourceTitle "playchess.com"]
[Source "ChessBase"]
[SourceQuality "1"]
[TimeControl "5400+30"]

1. e4 c6 2. Nc3 d5 3. Nf3 g6 4. d4 Bg7 5. h3 Nf6 6. e5 Ne4 7. Bd3 Nxc3 8. bxc3 c5 9. O-O Nc6 10. Re1 c4 11. Bf1 O-O 1/2-1/2

[Event "Baltic Zonal 2018"]
[Site "Tallinn"]
[Date "2018.05.19"]
[Round "8"]
[White "Berzina, Ilze"]
[Black "Beinoras, Mindaugas"]
[Result "0-1"]
[ECO "C62"]
[WhiteElo "2176"]
[BlackElo "2350"]
[Annotator "NA"]
[PlyCount "72"]
[EventDate "2018.??.??"]
[EventType "swiss"]
[EventCountry "EST"]
[SourceTitle "playchess.com"]
[Source "ChessBase"]
[SourceQuality "1"]
[TimeControl "5400+30"]

1. e4 e5 2. Nf3 Nc6 3. Bb5 d6 4. d4 Bd7 5. O-O exd4 6. Nxd4 g6 7. Nc3 Bg7 8. Nxc6 bxc6 9. Bc4 Ne7 10. Be3 Be6 11. Bb3 c5 12. Nd5 O-O 13. Bg5 Bxd5 14. Bxd5 Rb8 15. Rb1 Rxb2 16. Rxb2 Bxb2 17. Qb1 Bd4 18. Qb7 c4 19. Bxc4 Qd7 20. Bh6 Rd8 21. Qb3 Nc8 22. Qd3 Bg7 23. Bg5 Re8 24. Bb5 c6 25. Ba6 Nb6 26. Be3 Qe7 27. Rd1 Bf8 28. Qc3 Qxe4 29. Rd4 Qe6 30. Qxc6 d5 31. Qc7 Bg7 32. Rd1 d4 33. Bxd4 Qg4 34. Rd2 Bxd4 35. h3 Qh4 36. Qxa7 Qf4 0-1

[Event "Baltic Zonal 2018"]
[Site "Tallinn"]
[Date "2018.05.20"]
[Round "9"]
[White "Narva, Mai"]
[Black "Kalvaitis, Sigitas"]
[Result "1-0"]
[ECO "C42"]
[WhiteElo "2322"]
[BlackElo "2194"]
[Annotator "NA"]
[PlyCount "59"]
[EventDate "2018.??.??"]
[EventType "swiss"]
[EventCountry "EST"]
[SourceTitle "playchess.com"]
[Source "ChessBase"]
[SourceQuality "1"]
[TimeControl "5400+30"]

1. e4 e5 2. Nf3 Nf6 3. Nxe5 d6 4. Nf3 Nxe4 5. Nc3 Nxc3 6. dxc3 Be7 7. Be3 O-O 8. Qd2 {[%emt 0:00:28] C42: Petroff Defence: 3 Nxe5 and unusual White 3rd moves} Qe8 (8... Nd7 9. O-O-O c6 10. Kb1 d5 11. c4 Nb6 12. cxd5 Nxd5 13. Bc4 Bf5 14. Bxd5 cxd5 15. Qxd5 Qc8 {0-1 (39) Robson,R (2660)-Caruana,F (2804) Saint Louis 2018}) 9. O-O-O Qa4 {[%emt 0:00:41] LiveBook: 11 Games} 10. a3 $146 ({Predecessor:} 10. Kb1 Nc6 11. Nd4 Nxd4 12. cxd4 Bf6 13. Be2 c6 14. g4 Be6 15. b3 Qa3 {0-1 (31) McShane,L (2640)-Fridman,D (2633) Katowice 2017}) 10... Nc6 11. h4 Ne5 12. h5 Be6 13. Bd4 Rad8 14. Qf4 Nxf3 (14... Qa5 $16) 15. gxf3 c5 16. Rg1 f6 17. Rxg7+ Kxg7 18. Bxf6+ Bxf6 19. Qxa4 Bg5+ 20. Kb1 Bf4 21. Qe4 Be5 22. Bd3 Bf5 23. Qxb7+ Rd7 24. Qc6 Be6 25. Rg1+ Kh8 26. h6 Rb8 27. Re1 Re7 28. Rxe5 dxe5 29. Qd6 Rbe8 $18 30. Bb5 1-0

[Event "Baltic Zonal 2018"]
[Site "Tallinn"]
[Date "2018.05.20"]
[Round "9"]
[White "Vorobjov, Pavel"]
[Black "Chukavin, Kirill"]
[Result "1/2-1/2"]
[ECO "E46"]
[WhiteElo "2233"]
[BlackElo "2310"]
[Annotator "NA"]
[PlyCount "50"]
[EventDate "2018.??.??"]
[EventType "swiss"]
[EventCountry "EST"]
[SourceTitle "playchess.com"]
[Source "ChessBase"]
[SourceQuality "1"]
[TimeControl "5400+30"]

1. d4 Nf6 2. c4 e6 3. Nc3 Bb4 4. e3 O-O 5. Nge2 d5 6. a3 Bd6 7. Ng3 c6 {[%emt 0:03:15] E46: Nimzo-Indian: Rubinstein: 4 e3 0-0 5 Ne2 without early Bd3} 8. Be2 Nbd7 9. O-O dxc4 10. Bxc4 e5 11. Ba2 Nb6 {[%emt 0:02:36] LiveBook: 12 Partien} 12. dxe5 Bxe5 13. Qc2 {[%emt 0:00:15] [#]} h5 $146 ({Predecessor:} 13... Qe7 14. e4 Be6 15. Bxe6 Qxe6 {½-½ (51) Lopez Martinez,J (2584)-Meier,G (2648) Batumi 2018}) 14. Rd1 Qc7 15. Nf1 Re8 16. Bd2 Ng4 17. f4 Bd6 18. Qg6 Bxf4 19. exf4 Nd5 20. Nxd5 cxd5 $11 21. Bxd5 Be6 22. Qxh5 Qb6+ 23. Be3 Nxe3 24. Nxe3 Qxe3+ 25. Kh1 Qxf4 1/2-1/2

[Event "Baltic Zonal 2018"]
[Site "Tallinn"]
[Date "2018.05.20"]
[Round "9"]
[White "Berzina, Ilze"]
[Black "Tokranovs, Dmitrijs"]
[Result "1-0"]
[ECO "C64"]
[WhiteElo "2176"]
[BlackElo "2337"]
[Annotator "NA"]
[PlyCount "87"]
[EventDate "2018.??.??"]
[EventType "swiss"]
[EventCountry "EST"]
[SourceTitle "playchess.com"]
[Source "ChessBase"]
[SourceQuality "1"]
[TimeControl "5400+30"]

1. e4 e5 2. Nf3 Nc6 3. Bb5 Bc5 4. c3 f5 5. d4 fxe4 6. Bxc6 dxc6 7. Nxe5 Bd6 8. Qh5+ g6 9. Qe2 Bf5 {C64: Ruy Lopez: Classical Defence (3...Bc5) except 4 0-0 Nf6} 10. Bf4 Nf6 11. Nd2 Qe7 12. h3 O-O-O 13. O-O-O $146 ({Predecessor:} 13. O-O Rhg8 14. Bh2 h5 15. Ndc4 Nd5 16. f3 exf3 17. Qxf3 Bxe5 18. Nxe5 {1-0 (31) Anand,V (2776)-L'Ami,E (2605) Germany 2017}) 13... Nd5 14. Be3 Bxe5 15. dxe5 Nxe3 16. Qxe3 Qxe5 (16... c5 $11) 17. Nc4 Qb5 18. Qxa7 Qa6 19. Qxa6 bxa6 20. Na5 Be6 21. Nxc6 Rxd1+ 22. Kxd1 Rf8 23. Ke2 Bxa2 24. Ra1 Bc4+ 25. Ke3 Rf6 26. Ne5 Bd5 27. Ra5 Bb7 28. Nc4 Kd7 29. Nd2 Rd6 30. Nxe4 Bxe4 31. Kxe4 Re6+ 32. Re5 Rf6 33. f4 Kd6 34. b4 Kc6 35. g4 Kb6 36. Re7 Rc6 37. Kd4 Rd6+ 38. Ke5 Rd3 39. Rxh7 Rxc3 40. f5 gxf5 $18 41. gxf5 Kb5 42. f6 Kxb4 43. f7 Rf3 44. Rh4+ 1-0